AoeStats
← Flizn

Arabia

508756948Analyzed
1v1 RM · 9d ago on Sep 23, 2026· 57m 52s· 2 players
Game mode
Random Map
Map size
Tiny (2 player)
Population
200
Speed
Normal
Resources
Standard
Victory
Conquest
Starting age
Dark Age
Ending age
Imperial Age
RankedLock teamsTeams togetherTeam positionsShared explorationLock speedFull tech treeHidden civsTurbo modeCheats
Victory
Defeat
🇦🇷 Magyars · Argentina
1012
+18
🇵🇹 Burgundians · Portugal
1055
-18
ManuJaho
6:53 Loom
11:11 Feudal Age
11:55 Double-Bit Axe
14:26 Horse Collar
17:36 Scale Barding Armor
23:24 Castle Age
21:53 Fletching
23:37 Wheelbarrow
24:33 Bloodlines
24:24 Husbandry
24:59 Thumb Ring
25:13 Gold Mining
26:33 Bodkin Arrow
26:40 Padded Archer Armor
27:14 Town Watch
29:12 Pikeman
32:20 Stone Mining
33:13 Bow Saw
34:09 Ballistics
34:18 Scale Mail Armor
38:57 Imperial Age
37:30 Gold Shaft Mining
39:40 Chain Barding Armor
39:39 Leather Archer Armor
39:40 Chain Mail Armor
40:53 Bracer
41:38 Parthian Tactics
42:14 Halberdier
44:08 Ring Archer Armor
47:07 Chemistry
47:54 Arson
48:32 Town Patrol
49:07 Chain Barding Armor
49:56 Corvinian Army
49:50 Heavy Cavalry Archer
50:20 Elite Magyar Huszar
54:12 Light Cavalry
56:37 Two-Man Saw
56:28 Plate Barding Armor
56:34 Hussar
Flizn
5:07 Loom
10:39 Feudal Age
11:19 Horse Collar
11:31 Double-Bit Axe
11:52 Gold Mining
14:01 Bow Saw
16:27 Scale Mail Armor
16:45 Heavy Plow
19:26 Forging
20:32 Arson
25:28 Castle Age
26:31 Squires
26:08 Cavalier
26:48 Husbandry
30:34 Devotion
32:05 Scale Barding Armor
32:36 Iron Casting
33:44 Gold Shaft Mining
33:43 Crop Rotation
34:15 Two-Man Saw
34:20 Wheelbarrow
36:01 Chain Mail Armor
36:21 Stone Mining
38:54 Hand Cart
42:02 Burgundian Vineyards
44:29 Imperial Age
44:25 Elite Skirmisher
47:18 Chain Barding Armor
47:59 Blast Furnace
47:30 Plate Mail Armor
47:12 Paladin
48:22 Ballistics
48:38 Fletching
49:32 Fletching
49:42 Padded Archer Armor
50:19 Plate Barding Armor
54:51 Chemistry
54:11 Leather Archer Armor
55:12 Bodkin Arrow
55:50 Pikeman
56:40 Bracer
57:16 Halberdier
Connection lost

Rejoining the realm…

Still unreachable

The connection could not be restored.

Session expired

The server has moved on; the page needs a fresh start.